AoeStats
← 7.62子弹

Hill Fort

505182262Analyzed
4v4 RM · 24d ago on Sep 8, 2026· 11m 59s· 8 players
Game mode
Random Map
Map size
Large (8 player)
Population
200
Speed
Normal
Resources
Standard
Victory
Conquest
Starting age
Dark Age
Ending age
Imperial Age
RankedLock teamsTeams togetherTeam positionsShared explorationLock speedFull tech treeHidden civsTurbo modeCheats
Victory
Defeat
🇨🇳 Japanese · China
1362
+9
🇦🇷 Vietnamese · Argentina
1178
+17
🇨🇳 Lithuanians · China
1170
+17
🇨🇳 Persians · China
1104
+20
🇨🇳 Vikings · China
1257
-18
🇨🇳 Celts · China
1199
-16
🇨🇳 Hindustanis · China
1181
-15
🇨🇳 Khmer · China
1150
-14
xxs_hjt
11:06 Feudal Age
7.62子弹
10:48 Feudal Age
康斯坦丁
11:12 Feudal Age
Dark Light-XiaoXiao
10:24 Feudal Age
11:09 Double-Bit Axe
83716497273
10:53 Feudal Age
CYJ8564
8:22 Loom
12:43 Feudal Age
方霍霍
碧蓝档案糕手
4:52 Loom
9:16 Feudal Age
9:53 Man-at-Arms
Connection lost

Rejoining the realm…

Still unreachable

The connection could not be restored.

Session expired

The server has moved on; the page needs a fresh start.